 Dungeon Crawl Stone Soup version 0.31-a0-977-gc230f8ef24 (webtiles) character file.

Game seed: 13321522695150092397

121 skwerlee the Shooter (level 5, -3/31 HPs)
             Began as a Kobold Hunter on Oct 29, 2023.
             Slain by an orc wizard
             ... wielding a +0 dagger
              (4 damage)
             ... on level 3 of the Dungeon.
             The game lasted 00:03:46 (1349 turns).

skwerlee the Shooter (Kobold Hunter)                Turns: 1349, Time: 00:03:46

Health: -3/31      AC:  3    Str:  9    XL:     5   Next: 26%
Magic:  5/5        EV: 15    Int: 10    God:
Gold:   97         SH:  0    Dex: 20    Spells: 4/4 levels left

rFire   . . .        a - +0 shortbow
rCold   . . .        (shield currently unavailable)
rNeg    . . .        c - +0 leather armour
rPois   .            (no helmet)
rElec   .            (no cloak)
rCorr   .            (no gloves)
SInv    .            (no boots)
Will    .....        (no amulet)
Stlth   ++           (no ring)
HPRegen 0.25/turn    (no ring)
MPRegen 0.09/turn

%: no passive effects
@: confused
A: small, no large weapons, nightstalker 3
a: no special abilities


You were on level 3 of the Dungeon.
You visited 1 branch of the dungeon, and saw 3 of its levels.

You collected 97 gold pieces.

Inventory:

Hand Weapons
 a - a +0 shortbow (weapon)
Armour
 c - a +0 leather armour (worn)
Scrolls
 b - a scroll of butterflies
 d - a scroll of fear {unknown}
 e - 2 scrolls of identify {unknown}
 g - a scroll of blinking {unknown}
 k - a scroll of revelation {unknown}
 l - a scroll of teleportation {unknown}
Potions
 f - a potion of heal wounds {unknown}
 h - a potion of resistance {unknown}
 i - a potion of curing {unknown}
 j - a potion of cancellation {unknown}
 m - 3 potions of invisibility {unknown}


   Skills:
 + Level 2.6 Fighting
 + Level 7.6 Ranged Weapons
 + Level 0.1 Armour
 + Level 3.0 Dodging
 + Level 1.3 Stealth


You had 4 spell levels left.
You didn't know any spells.
Your spell library contained the following spells:

 Spells                   Type           Power      Damage    Failure   Level
 Foxfire                  Conj/Fire      0%         2x1d4     47%         1
 Plasma Beam              Fire/Air       0%         2x1d10    100%        6
 Starburst                Conj/Fire      0%         6d3       100%        6


Dungeon Overview and Level Annotations

Branches:
Dungeon (3/15)

Altars:


Innate Abilities, Weirdness & Mutations

You are small and have problems with some larger weapons.
You are completely attuned to the shadows.


Message History

Fire: a) +0 shortbow
Press: ? - help, Q - select action Shift-Dir - straight line You shoot an arrow.
You hear some strange, mumbled words.
You are confused.
Non-targeted confused fire: a) +0 shortbow
Press: ? - help, Q - select action Dir - look around, f - activate You shoot an arrow.
You hear some strange, mumbled words.
A magic dart appears from out of thin air!
The magic dart hits you!
* * * LOW HITPOINT WARNING * * *
Okay, then.
Okay, then.
Non-targeted confused fire: a) +0 shortbow
Press: ? - help, Q - select action Dir - look around, f - activate You shoot an arrow.
Something barely misses you.
Non-targeted confused fire: a) +0 shortbow
Press: ? - help, Q - select action Dir - look around, f - activate You shoot an arrow.
You hear some strange, mumbled words.
A puff of flame appears from out of thin air!
The puff of flame misses you.
Okay, then.
Non-targeted confused fire: a) +0 shortbow
Press: ? - help, Q - select action Dir - look around, f - activate You shoot an arrow.
Something hits you.
* * * LOW HITPOINT WARNING * * *
Unknown command.
Non-targeted confused fire: a) +0 shortbow
Press: ? - help, Q - select action Dir - look around, f - activate You shoot an arrow.
Something barely misses you.
Non-targeted confused fire: a) +0 shortbow
Press: ? - help, Q - select action Dir - look around, f - activate You shoot an arrow.
Something hits you.
You die...

......###.....##....<.....
........#...#.#######.....
#..##.#....##..# #......#
#...#.###......## #.#....#
.......>..>###..###...#.##
.......##.####........#.#
....#.............##..# #
#....#..#####..#.###....
#.#.....##)@.......#.###
#.....##{#)####....#
#.#........# ##...##
#.#...).#### ##.....
#.#..########......
........)...##......
............##......
...........##......
##.#...######......


There were no monsters in sight!

Vanquished Creatures
  Jessica (D:3)
  3 adders (D:2)
  2 dart slugs (D:2)
  4 orcs (D:3)
  6 ball pythons
  6 bats
  7 endoplasms
  3 giant cockroaches
  6 hobgoblins
  4 quokkas
  4 frilled lizards
  2 goblins (D:1)
  5 kobolds
  5 rats
58 creatures vanquished.

Notes
Turn   | Place    | Note
-------+----------+-------------------------------------------
     0 | D:1      | skwerlee the Kobold Hunter began the quest for the Orb.
     0 | D:1      | Reached XP level 1. HP: 12/12 MP: 1/1
    33 | D:1      | Reached XP level 2. HP: 3/17 MP: 2/2
   296 | D:1      | Reached skill level 6 in Ranged Weapons
   357 | D:1      | Reached XP level 3. HP: 22/22 MP: 3/3
   456 | D:1      | Found a faded altar of an unknown god.
   627 | D:2      | Reached XP level 4. HP: 26/27 MP: 4/4
   853 | D:2      | Reached skill level 7 in Ranged Weapons
  1253 | D:3      | Noticed Jessica
  1257 | D:3      | Killed Jessica
  1258 | D:3      | Reached XP level 5. HP: 31/31 MP: 5/5
  1347 | D:3      | HP: 1/31 [something (3)]
  1349 | D:3      | Slain by an orc wizard

Illustrated notes

Levels and vault maps discovered:
D:1:      wander_arrival_peaceful_grave, layout_rooms,
          shapermc_ecumenical_altar_hornbeckon
D:2:      layout_rooms
D:3:      minmay_chambers_of_threes, layout_rooms, uniq_jessica

Skill      XL: |  1  2  3  4 |
---------------+-------------+-----
Ranged Weapons | 6 7 |  7.6
Dodging        | 3 |  3.0
Fighting       | |  2.6
Armour         | |  0.1
Stealth        | |  1.3

Action                     |  1- 3 |  4- 6 || total
---------------------------+-------+-------++-------
   Fire: Shortbow          |    71 |    84 ||   155
 Armour: Leather armour    |    14 |    25 ||    39
  Dodge: Dodged            |    32 |    28 ||    60

Table legend: (Time is in decaauts)
 A = Elapsed time spent in this place.
 B = Non-inter-level travel time spent in this place.
 C = Inter-level travel time spent in this place.
 D = Time resting spent in this place.
 E = Time spent auto-exploring this place.
 F = Levels seen in this place.
 G = Mean time per level.
                   A        B        C        D        E       F      G
               +--------+--------+--------+--------+--------+-----+--------+
         Total |   1371 |   1320 |     51 |     98 |    970 |   3 |  457.0 |
       Dungeon |   1371 |   1320 |     51 |     98 |    970 |   3 |  457.0 |
               +--------+--------+--------+--------+--------+-----+--------+

Top non-repeatable levels by time:
     D:1: 594 daAuts
     D:2: 584 daAuts
     D:3: 192 daAuts
